 Dungeon Sprint DCSS version 0.31-a0-536-ga3e2962e35 (webtiles) character file.

Game seed: 16004852003709636065

10300000 Conn the Axe Maniac (level 26, -16/242 HPs)
             Began as a Demonspawn Gladiator on Aug 13, 2023.
             Was the Champion of Makhleb.
             Demolished by a meat berserker
             ... wielding a +9 battleaxe
              (77 damage)
             ... in the Dungeon (Sprint VIII: "Arena of Blood").
             The game lasted 00:08:49 (103 turns).

Conn the Axe Maniac (Demonspawn Gladiator)           Turns: 103, Time: 00:08:52

Health: -16/242    AC: 12    Str: 24    XL:     26   Next: 87%
Magic:  0/47       EV: 28    Int: 11    God:    Makhleb [******]
Gold:   0          SH:  0    Dex: 16    Spells: 65/65 levels left

rFire   . . .        l - +∞ Axe of Woe
rCold   . . .        (shield currently unavailable)
rNeg    . . .        b - +0 leather armour
rPois   .            c - +0 helmet
rElec   +            (no cloak)
rCorr   .            (gloves unavailable)
SInv    .            (no boots)
Will    +....        (no amulet)
Stlth   +++++++++    m - +30 ring of slaying
HPRegen 0.60/turn    n - +30 ring of slaying
MPRegen 0.60/turn

%: no teleportation, guardian spirit
@: hasted, very quick
A: claws 3, thin metallic scales 3, ignite blood 3, augmentation 2, magic
shield, magic regeneration, magic link
a: Renounce Religion, Minor Destruction, Lesser Servant of Makhleb, Major
Destruction, Greater Servant of Makhleb


You were in the Dungeon.
You worshipped Makhleb.
Makhleb was exalted by your worship.
You visited 1 branch

Inventory:

Hand Weapons
 a - a +0 war axe
 l - the +∞ Axe of Woe (weapon)
   (You found it in the Dungeon)
Missiles
 d - 2 throwing nets
Armour
 b - a +0 leather armour (worn)
 c - a +0 helmet (worn)
Jewellery
 m - a +30 ring of slaying (left claw)
 n - a +30 ring of slaying (right claw)
Scrolls
 k - a scroll of blinking
Potions
 i - 2 potions of magic
 j - a potion of berserk rage


   Skills:
 O Level 27 Fighting
 + Level 20.7(23.8) Short Blades
 + Level 20.2(23.6) Long Blades
 O Level 27 Axes
 + Level 20.2(27) Maces & Flails
 + Level 20.2(27) Polearms
 + Level 20.2(26.1) Staves
 + Level 20.2 Ranged Weapons
 O Level 27 Throwing
 O Level 27 Armour
 O Level 27 Dodging
 O Level 27 Stealth
 + Level 20.2 Shields
 + Level 20.2 Unarmed Combat
 + Level 20.2 Spellcasting
 + Level 21.8 Conjurations
 + Level 21.8 Hexes
 + Level 24.0 Summonings
 + Level 24.1 Necromancy
 + Level 20.7 Translocations
 + Level 20.7 Transmutations
 + Level 20.7 Fire Magic
 + Level 20.8 Ice Magic
 + Level 20.8 Air Magic
 + Level 20.8 Earth Magic
 + Level 22.4 Poison Magic
 O Level 27 Invocations
 + Level 24.1 Evocations
 + Level 19.1 Shapeshifting


You had 65 spell levels left.
You didn't know any spells.
Your spell library was empty.

Dungeon Overview and Level Annotations

Branches:
Dungeon (1/1)

Altars:
Makhleb

Annotations:
D The Servant


Innate Abilities, Weirdness & Mutations

You have claws for hands.
You are completely covered in thin metallic scales. (AC +4, rElec)
Your demonic aura causes all spilled blood to erupt in flames.
Your magical and physical power is enhanced at high health.
When hurt, damage is shared between your health and your magic reserves.
You regenerate magic rapidly.
When low on magic, you restore magic in place of health.


Message History

The accursed points at you and mumbles some strange words.
Something smites you! The destroyer casts a spell at you.
The destroyer blinks!
You hear a shout!
The bag of meat is engulfed in blazing flames. x2
You hear a shout!
A meat beast comes into view.
You hear a shout!
The destroyer gestures at you while chanting.
The destroyer blinks!
You hear a shout!
The dread is engulfed in blazing flames.
The dread calls on the powers of darkness!
The eight-headed meat hydra convulses!
The bag of meat convulses! x4
The eight-headed meat hydra convulses!
The bag of meat convulses! x2
The meat berserker convulses!
The bag of meat convulses!
Your body is wracked with pain!
* * * LOW HITPOINT WARNING * * *
The Servant convulses!
The bag of meat convulses!
You hear a shout!
Your Summonings skill increases to level 24!
Your Necromancy skill increases to level 24!
Your Evocations skill increases to level 24!
Your Shapeshifting skill increases to level 19!
A destroyer comes into view. It is wielding a +9 heavy great sword.
Unknown command.
Unknown command.
You swap places.
A meat berserker and a destroyer come into view.
The destroyer is wielding a +9 heavy great sword.
The tentacled monstrosity disappears in a puff of smoke!
Your Executioner hits the bag of meat.
Your Executioner hits the bag of meat! x2
Your Executioner is engulfed in blazing flames. x2
You hear a shout! x2
A meat beast comes into view.
Your Executioner hits the bag of meat!!
Your Executioner hits the bag of meat. x2
The meat berserker is engulfed in blazing flames.
The meat berserker hits you with a +9 battleaxe!!!!
You die...

....O.O.. #2....XV#
. #O..XDW)# ...
..###.. .o○o###....
......)###Xo....o..
.....DL)_§XX.o(oM..
..O..#.XoXo#§......
... #○)W11#Xo§....
. .X#XXO@○#VL..o.#
.O§L..oV2○@XX....
.....o###1VXX2....
o###.. ...###....
#.. ..V.# ....
#.......# .........
....M....
.......§§.


You could see 3 tentacled monstrosities, 2 meat beasts, 2 tyrants, The Servant,
an eight-headed meat hydra, 4 destroyers, a large bag of meat (inner flame), 9
large abominations, 2 dreads, 2 meat berserkers, 6 bags of meat, 3 friendly
Executioners and a friendly blizzard demon (summoned).

Vanquished Creatures
  3 hell beasts (D)
  A great orb of eyes (D)
  A wraith (D)
  4 vampire knights (D)
  31 ogres (D)
  5 two-headed ogres (D)
  2 liches (D)
  42 orcs (D)
  5 skeletal warriors (D)
94 creatures vanquished.

Vanquished Creatures (collateral kills)
  An ogre (D)
1 creature vanquished.

Vanquished Creatures (others)
  2 two-headed ogres (D)
  3 orcs (D)
5 creatures vanquished.

Grand Total: 100 creatures vanquished

Notes
Turn   | Place    | Note
-------+----------+-------------------------------------------
     0 | D        | Found the +∞ Axe of Woe
     0 | D        | Conn the Demonspawn Gladiator began the quest for the Orb.
     0 | D        | Reached XP level 1. HP: 16/16 MP: 1/1
     0 | D        | Noticed a bag of meat
     2 | D        | Noticed a bag of meat
     4 | D        | Became a worshipper of Makhleb the Destroyer
     6 | D        | Killed a bag of meat
     6 | D        | Noticed a meat berserker
     7 | D        | Reached skill level 15 in Axes
     7 | D        | Reached skill level 15 in Dodging
     7 | D        | Gained mutation: Your demonic aura sometimes causes spilled
                  | blood to erupt in flames. [demonic ancestry]
     7 | D        | Reached XP level 2. HP: 34/34 MP: 2/2
     7 | D        | Gained mutation: You are partially covered in thin metallic
                  | scales. (AC +2) [demonic ancestry]
     7 | D        | Reached XP level 3. HP: 39/39 MP: 3/3
     7 | D        | Gained mutation: Your demonic aura often causes spilled
                  | blood to erupt in flames. [demonic ancestry]
     7 | D        | Reached XP level 4. HP: 46/46 MP: 4/4
     7 | D        | Reached XP level 5. HP: 52/52 MP: 5/5
     7 | D        | Gained mutation: You have sharp fingernails. [demonic
                  | ancestry]
     7 | D        | Reached XP level 6. HP: 58/58 MP: 6/6
     7 | D        | Gained mutation: You have very sharp fingernails. [demonic
                  | ancestry]
     7 | D        | Reached XP level 7. HP: 64/64 MP: 7/7
     7 | D        | Gained mutation: You regenerate magic rapidly. [demonic
                  | ancestry]
     7 | D        | Reached XP level 8. HP: 71/71 MP: 8/8
     7 | D        | Gained mutation: You are mostly covered in thin metallic
                  | scales. (AC +3) [demonic ancestry]
     7 | D        | Reached XP level 9. HP: 76/76 MP: 9/9
     7 | D        | Gained mutation: You are completely covered in thin
                  | metallic scales. (AC +4, rElec) [demonic ancestry]
     7 | D        | Reached XP level 10. HP: 83/83 MP: 10/10
     7 | D        | Noticed a bag of meat
     8 | D        | Noticed a bag of meat
     9 | D        | Noticed a meat berserker
    10 | D        | Killed a meat berserker
    10 | D        | Reached * piety under Makhleb
    10 | D        | Killed a bag of meat
    11 | D        | Reached skill level 10 in Throwing
    11 | D        | Gained mutation: Your magical and physical power is
                  | slightly enhanced at high health. [demonic ancestry]
    11 | D        | Reached XP level 11. HP: 100/100 MP: 11/11
    11 | D        | Reached XP level 12. HP: 107/107 MP: 12/12
    11 | D        | Reached XP level 13. HP: 113/113 MP: 13/13
    11 | D        | Noticed a bag of meat
    11 | D        | Noticed a bag of meat
    12 | D        | Killed a meat berserker
    13 | D        | Reached skill level 15 in Fighting
    14 | D        | Noticed a meat berserker
    14 | D        | Killed a bag of meat
    14 | D        | Reached ** piety under Makhleb
    14 | D        | Noticed a bag of meat
    15 | D        | Gained mutation: When hurt, damage is shared between your
                  | health and your magic reserves. [demonic ancestry]
    15 | D        | Reached XP level 14. HP: 126/126 MP: 14/14
    15 | D        | Killed a bag of meat
    15 | D        | Killed a bag of meat
    18 | D        | Noticed a bag of meat
    18 | D        | Noticed a bag of meat
    19 | D        | Killed a meat berserker
    19 | D        | Reached *** piety under Makhleb
    20 | D        | Reached XP level 15. HP: 139/139 MP: 15/15
    21 | D        | Noticed a meat berserker
    22 | D        | Noticed a meat berserker
    23 | D        | Noticed a large bag of meat
    24 | D        | Killed a meat berserker
    24 | D        | Reached **** piety under Makhleb
    24 | D        | Noticed a destroyer
    27 | D        | Noticed a meat berserker
    28 | D        | Killed a large bag of meat
    28 | D        | Noticed a meat berserker
    28 | D        | Noticed a meat berserker
    28 | D        | Noticed a meat berserker
    29 | D        | Reached skill level 27 in Axes
    29 | D        | Reached skill level 15 in Throwing
    29 | D        | Reached skill level 27 in Dodging
    29 | D        | Reached XP level 16. HP: 120/161 MP: 9/16
    29 | D        | Killed a destroyer
    29 | D        | Killed a meat berserker
    29 | D        | Noticed a meat berserker
    29 | D        | Noticed a meat berserker
    30 | D        | Reached skill level 27 in Fighting
    30 | D        | Reached skill level 5 in Armour
    30 | D        | Reached XP level 17. HP: 174/174 MP: 9/17
    30 | D        | Noticed a meat berserker
    30 | D        | Noticed a meat berserker
    30 | D        | Noticed a meat berserker
    33 | D        | Noticed a sculptor of flesh
    33 | D        | Killed a meat berserker
    33 | D        | Reached ***** piety under Makhleb
    35 | D        | Killed a meat berserker
    36 | D        | Reached skill level 27 in Throwing
    36 | D        | Killed a meat berserker
    37 | D        | Killed a meat berserker
    38 | D        | Gained mutation: Your demonic aura causes all spilled blood
                  | to erupt in flames. [demonic ancestry]
    38 | D        | Reached XP level 18. HP: 182/182 MP: 11/18
    38 | D        | Noticed a destroyer
    39 | D        | Killed a meat berserker
    40 | D        | Killed a sculptor of flesh
    40 | D        | Killed a meat berserker
    40 | D        | Reached ****** piety under Makhleb
    40 | D        | Noticed a large bag of meat
    41 | D        | Reached skill level 27 in Armour
    41 | D        | Noticed a meat berserker
    41 | D        | Noticed a meat berserker
    42 | D        | Killed a destroyer
    43 | D        | Reached skill level 5 in Short Blades
    43 | D        | Reached skill level 5 in Long Blades
    43 | D        | Reached skill level 5 in Maces & Flails
    43 | D        | Reached skill level 5 in Polearms
    43 | D        | Reached skill level 5 in Staves
    43 | D        | Reached skill level 5 in Ranged Weapons
    43 | D        | Reached skill level 5 in Stealth
    43 | D        | Reached skill level 5 in Shields
    43 | D        | Reached skill level 5 in Unarmed Combat
    43 | D        | Reached skill level 5 in Spellcasting
    43 | D        | Reached skill level 5 in Conjurations
    43 | D        | Reached skill level 5 in Hexes
    43 | D        | Reached skill level 5 in Translocations
    43 | D        | Reached skill level 5 in Transmutations
    43 | D        | Reached skill level 5 in Fire Magic
    43 | D        | Reached skill level 5 in Ice Magic
    43 | D        | Reached skill level 5 in Air Magic
    43 | D        | Reached skill level 5 in Earth Magic
    43 | D        | Reached skill level 5 in Poison Magic
    43 | D        | Gained mutation: You have claws for hands. [demonic
                  | ancestry]
    43 | D        | Reached XP level 19. HP: 189/189 MP: 12/26
    43 | D        | Noticed a meat berserker
    43 | D        | Noticed a destroyer
    44 | D        | Reached skill level 5 in Shapeshifting
    45 | D        | Killed a meat berserker
    45 | D        | Killed a meat berserker
    45 | D        | Killed a meat berserker
    46 | D        | Gained mutation: When low on magic, you restore magic in
                  | place of health. [demonic ancestry]
    46 | D        | Reached XP level 20. HP: 105/197 MP: 5/31
    46 | D        | Killed a meat berserker
    47 | D        | Reached skill level 10 in Summonings
    47 | D        | Reached skill level 10 in Necromancy
    47 | D        | Reached skill level 10 in Evocations
    47 | D        | Noticed a meat berserker
    48 | D        | Noticed a meat berserker
    49 | D        | Noticed a large bag of meat
    50 | D        | Reached skill level 10 in Stealth
    50 | D        | Reached skill level 10 in Conjurations
    50 | D        | Reached skill level 10 in Hexes
    50 | D        | Reached skill level 10 in Poison Magic
    50 | D        | Killed a large bag of meat
    50 | D        | Killed a meat berserker
    50 | D        | Killed a meat berserker
    51 | D        | Reached skill level 10 in Short Blades
    51 | D        | Reached skill level 10 in Long Blades
    51 | D        | Reached skill level 10 in Maces & Flails
    51 | D        | Reached skill level 10 in Polearms
    51 | D        | Reached skill level 10 in Staves
    51 | D        | Reached skill level 10 in Ranged Weapons
    51 | D        | Reached skill level 10 in Shields
    51 | D        | Reached skill level 10 in Unarmed Combat
    51 | D        | Reached skill level 10 in Spellcasting
    51 | D        | Reached skill level 10 in Translocations
    51 | D        | Reached skill level 10 in Transmutations
    51 | D        | Reached skill level 10 in Fire Magic
    51 | D        | Reached skill level 10 in Ice Magic
    51 | D        | Reached skill level 10 in Air Magic
    51 | D        | Reached skill level 10 in Earth Magic
    51 | D        | Reached XP level 21. HP: 191/204 MP: 8/35
    52 | D        | Noticed a tyrant
    52 | D        | Noticed a large bag of meat
    53 | D        | Reached skill level 10 in Shapeshifting
    53 | D        | Noticed a tyrant
    54 | D        | Noticed an accursed
    57 | D        | Noticed a large bag of meat
    57 | D        | Noticed a destroyer
    58 | D        | Noticed a large bag of meat
    62 | D        | Reached skill level 15 in Summonings
    62 | D        | Reached skill level 15 in Evocations
    62 | D        | Gained mutation: Your magical and physical power is
                  | enhanced at high health. [demonic ancestry]
    62 | D        | Reached XP level 22. HP: 212/212 MP: 13/38
    62 | D        | Killed a destroyer
    63 | D        | Reached skill level 15 in Necromancy
    63 | D        | Noticed a large bag of meat
    64 | D        | Noticed a meat beast
    64 | D        | Killed a tyrant
    64 | D        | Noticed a tyrant
    65 | D        | Reached skill level 15 in Stealth
    65 | D        | Reached skill level 15 in Conjurations
    65 | D        | Reached skill level 15 in Hexes
    65 | D        | Reached skill level 15 in Poison Magic
    65 | D        | Noticed a meat beast
    65 | D        | Killed a meat beast
    66 | D        | Reached skill level 15 in Short Blades
    66 | D        | Reached skill level 15 in Long Blades
    66 | D        | Reached skill level 15 in Maces & Flails
    66 | D        | Reached skill level 15 in Polearms
    66 | D        | Reached skill level 15 in Staves
    66 | D        | Reached skill level 15 in Ranged Weapons
    66 | D        | Reached skill level 15 in Shields
    66 | D        | Reached skill level 15 in Unarmed Combat
    66 | D        | Reached skill level 15 in Spellcasting
    66 | D        | Reached skill level 15 in Translocations
    66 | D        | Reached skill level 15 in Transmutations
    66 | D        | Reached skill level 15 in Fire Magic
    66 | D        | Reached skill level 15 in Ice Magic
    66 | D        | Reached skill level 15 in Air Magic
    66 | D        | Reached skill level 15 in Earth Magic
    66 | D        | Reached XP level 23. HP: 219/219 MP: 16/42
    68 | D        | Noticed a destroyer
    68 | D        | Killed a meat beast
    69 | D        | Reached skill level 15 in Shapeshifting
    69 | D        | Reached XP level 24. HP: 122/227 MP: 6/43
    71 | D        | Killed a large bag of meat
    73 | D        | Noticed a dread
    74 | D        | Killed a large bag of meat
    75 | D        | Killed a large bag of meat
    77 | D        | Killed a tyrant
    77 | D        | Killed a destroyer
    78 | D        | Reached XP level 25. HP: 159/234 MP: 3/44
    79 | D        | Killed a dread
    80 | D        | Reached skill level 27 in Stealth
    80 | D        | Killed a large bag of meat
    80 | D        | Noticed a dread
    84 | D        | Reached skill level 27 in Invocations
    85 | D        | Noticed a meat beast
    86 | D        | Noticed a large bag of meat
    88 | D        | Killed a meat beast
    89 | D        | Reached XP level 26. HP: 241/242 MP: 10/46
    89 | D        | Noticed a dread
    90 | D        | Noticed a tyrant
    92 | D        | Killed a large bag of meat
    94 | D        | Noticed a tyrant
    94 | D        | Noticed The Servant
    94 | D        | Noticed a destroyer
   100 | D        | Noticed a destroyer
   100 | D        | Noticed a large bag of meat
   100 | D        | Noticed a destroyer
   101 | D        | Noticed an accursed
   102 | D        | Noticed a meat beast
   103 | D        | Noticed a destroyer
   103 | D        | Noticed a destroyer
   103 | D        | Noticed a meat beast
   103 | D        | Demolished by a meat berserker

Illustrated notes

Levels and vault maps discovered:
D:        meatsprint

Skill      XL: |  1  2  3  4  5  6  7  8  9 10 11 12 13 14 15 16 17 18 19 20 21 22 23 24 25 26 |
---------------+-------------------------------------------------------------------------------+-----
Fighting       | 9 14 16 19 24 27 | 27.0
Axes           | 15 19 22 24 27 | 27.0
Throwing       | 8 10 11 13 15 22 27 | 27.0
Dodging        | 15 19 21 23 27 | 27.0
Armour         | 5 23 27 | 27.0
Short Blades   | 5 7 10 12 15 16 17 19 20 | 20.7
Long Blades    | 5 7 10 12 15 16 17 19 20 | 20.2
Maces & Flails | 5 7 10 12 15 16 17 19 20 | 20.2
Polearms       | 5 7 10 12 15 16 17 19 20 | 20.2
Staves         | 5 7 10 12 15 16 17 19 20 | 20.2
Ranged Weapons | 5 7 10 12 15 16 17 19 20 | 20.2
Stealth        | 5 8 11 13 16 18 19 27 | 27.0
Shields        | 5 7 10 12 15 16 17 19 20 | 20.2
Unarmed Combat | 5 7 10 12 15 16 17 19 20 | 20.2
Spellcasting   | 5 7 10 12 15 16 17 19 20 | 20.2
Conjurations   | 5 8 11 13 16 18 19 20 21 | 21.8
Hexes          | 5 8 11 13 16 18 19 20 21 | 21.8
Summonings     | 6 9 12 15 18 19 21 22 24 | 24.0
Necromancy     | 6 9 12 14 17 19 20 22 24 | 24.1
Translocations | 5 7 10 12 15 16 17 19 20 | 20.7
Transmutations | 5 7 10 12 15 16 17 19 20 | 20.7
Fire Magic     | 5 7 10 12 15 16 17 19 20 | 20.7
Ice Magic      | 5 7 10 12 15 16 17 19 20 | 20.8
Air Magic      | 5 7 10 12 15 16 17 19 20 | 20.8
Earth Magic    | 5 7 10 12 15 16 17 19 20 | 20.8
Poison Magic   | 5 8 11 13 16 18 19 20 22 | 22.4
Invocations    | 8 12 16 19 22 25 26 27 | 27.0
Evocations     | 6 9 12 15 18 19 21 22 24 | 24.1
Shapeshifting  | 4 7 9 11 14 15 16 17 19 | 19.1

Action                     |  1- 3 |  4- 6 |  7- 9 | 10-12 | 13-15 | 16-18 | 19-21 | 22-24 | 25-27 || total
---------------------------+-------+-------+-------+-------+-------+-------+-------+-------+-------++-------
  Melee: Executioner's axe |     1 |       |       |     1 |     7 |     8 |    13 |    12 |    13 ||    55
  Throw: Throwing net      |       |       |       |       |       |     1 |       |       |       ||     1
         Javelin           |       |       |       |       |       |       |     1 |       |       ||     1
 Invoke: Greater Servant o |       |       |       |       |       |       |       |       |     4 ||     4
    Use: Potion            |       |       |       |       |       |       |       |     2 |     1 ||     3
 Armour: Leather armour    |       |       |       |       |       |       |       |       |     1 ||     1
  Dodge: Dodged            |       |       |       |       |       |       |     1 |       |     1 ||     2

Table legend: (Time is in decaauts)
 A = Elapsed time spent in this place.
 B = Non-inter-level travel time spent in this place.
 C = Inter-level travel time spent in this place.
 D = Time resting spent in this place.
 E = Time spent auto-exploring this place.
 F = Levels seen in this place.
 G = Mean time per level.
                   A        B        C        D        E       F      G
               +--------+--------+--------+--------+--------+-----+--------+
         Total |     79 |     79 |      0 |      0 |      0 |   1 |   79.0 |
       Dungeon |     79 |     79 |      0 |      0 |      0 |   1 |   79.0 |
               +--------+--------+--------+--------+--------+-----+--------+

Top non-repeatable levels by time:
       D: 79 daAuts
